Hartford Whalers vs Pittsburgh Penguins

Created - Thursday, February 19, 2026 at 09:26

Goals
1 2 3 OT1 T
Hartford Whalers 0 3 1 0 4
Pittsburgh Penguins 2 1 1 1 5
Shots
1 2 3 OT1 T
Hartford Whalers 11 15 9 1 36
Pittsburgh Penguins 13 11 5 5 34

1st period

1. Pittsburgh Penguins , Ryan O'Reilly 11 (Erik Gudbranson 2) at 5:05
2. Pittsburgh Penguins , Gabriel Vilardi 6 (Pavel Buchnevich 15, Tage Thompson 18) at 13:23

Penalties :
No Penalty

2nd period

3. Hartford Whalers , Anthony Cirelli 8 (Nick Suzuki 23, Joshua Norris 19) at 0:50
4. Hartford Whalers , Pierre-Luc Dubois 6 (Kaiden Guhle 6) at 3:31
5. Pittsburgh Penguins , Tage Thompson 7 (Gabriel Vilardi 10, Erik Karlsson 11) at 12:31
6. Hartford Whalers , Tyson Foerster 4 (Jonathan Drouin 3, Matthew Coronato 5) at 13:24

Penalties :
Tage Thompson (PIT) for Holding (Minor) at 8:41, Kaiden Guhle (HFD) for Interference (Minor) at 13:25, Phillip Danault (PIT) for Goalie Interference (Minor) at 19:21

3rd period

7. Pittsburgh Penguins , Leon Draisaitl 9 (Mitchell Marner 20, Blake Coleman 9) at 8:35
8. Hartford Whalers , Matthew Coronato 4 (Jonathan Drouin 4, Seth Jones 10) at 14:57

Penalties :
Pierre-Luc Dubois (HFD) for Holding (Minor) at 3:36, Braden Schneider (HFD) for Cross-checking (Minor) at 8:58

Overtime #1

9. Pittsburgh Penguins , Leon Draisaitl 10 (Mitchell Marner 21) at 1:53

Penalties :
No Penalty

Goalie Stats

Joseph Woll (HFD), 29 saves from 34 shots - (0.853), OTL, 12-8-2, 61:53 minutes
Jordan Binnington (PIT), 32 saves from 36 shots - (0.889), W, 13-7-2, 61:53 minutes

Players Stats for Hartford Whalers

Player Name              G  A  P  +/- PIM S  H  SB GA TA FO     MP     PP MP  PK MP  
------------------------------------------------------------------------------------
Anthony Cirelli          1  0  1  -1  0   3  1  0  0  0  1/2    18:33   1:46   2:59 
Braden Schneider         0  0  0  -1  2   4  1  0  0  0  0/0    20:06   1:25   1:57 
Carter Verhaeghe         0  0  0  -1  0   0  0  1  0  0  2/7    14:26   0:32   0:00 
Devon Toews              0  0  0  -1  0   1  0  1  0  0  0/0    20:52   1:25   3:11 
Dylan Guenther           0  0  0  -1  0   3  1  0  0  1  0/0    14:42   0:46   0:00 
Jonathan Drouin          0  2  2   2  0   0  0  0  1  0  0/0     9:20   0:09   0:00 
Jordan Kyrou             0  0  0  -1  0   3  1  0  2  0  0/0    14:52   1:21   0:00 
Joshua Norris            0  1  1  -1  0   6  3  0  0  0  1/4    18:31   1:46   2:59 
Kaiden Guhle             0  1  1   2  2   2  3  0  0  0  0/0    16:03   0:45   1:14 
Matthew Coronato         1  1  2   2  0   3  1  0  0  0  1/3     9:50   0:39   0:00 
Nick Suzuki              0  1  1   0  0   2  1  0  3  1  10/19  18:21   1:46   2:58 
Pierre-Luc Dubois        1  0  1  -1  2   2  3  0  1  0  1/1    15:23   1:21   0:00 
Seth Jones               0  1  1  -2  0   0  0  0  1  2  0/0    26:22   1:48   2:46 
Sidney Crosby            0  0  0  -1  0   3  0  0  0  0  8/13   19:32   1:27   2:58 
Simon Edvinsson          0  0  0   2  0   0  1  1  0  0  0/0    14:39   0:45   0:00 
Tyler Seguin             0  0  0  -1  0   1  0  1  0  1  1/1    14:13   0:21   0:00 
Tyson Foerster           1  0  1   2  0   1  1  0  1  0  0/0     9:11   0:00   0:00 
Vladislav Gavrikov       0  0  0  -2  0   2  2  2  0  0  0/0    26:36   1:48   2:46 

Players Stats for Pittsburgh Penguins

Player Name              G  A  P  +/- PIM S  H  SB GA TA FO     MP     PP MP  PK MP  
------------------------------------------------------------------------------------
Blake Coleman            0  1  1   1  0   1  6  0  1  1  0/1    16:09   0:00   0:50 
Brian Dumoulin           0  0  0   1  0   2  1  0  0  1  0/0    22:04   2:38   1:53 
Carson Soucy             0  0  0  -3  0   0  1  1  0  0  0/0    15:05   0:00   0:00 
Christian Dvorak         0  0  0  -4  0   1  0  1  0  0  0/0     9:57   0:00   0:07 
Erik Gudbranson          0  1  1  -3  0   0  1  1  0  0  0/0    15:05   0:00   0:00 
Erik Karlsson            0  1  1   3  0   1  1  2  2  1  0/0    24:44   3:19   2:05 
Gabriel Vilardi          1  1  2   2  0   1  1  0  0  2  0/0    15:07   3:01   0:00 
Jordan Eberle            0  0  0   1  0   3  0  0  0  0  0/1    15:01   0:00   0:00 
Leon Draisaitl           2  0  2   2  0   3  0  0  0  0  9/15   18:26   2:56   1:53 
Mattias Ekholm           0  0  0   1  0   1  0  0  0  0  0/0    22:04   2:38   1:53 
Mitchell Marner          0  2  2   2  0   3  0  0  1  1  5/6    18:26   2:56   1:53 
Pavel Buchnevich         0  1  1   2  0   4  2  1  0  1  0/0    15:33   3:01   0:21 
Phillip Danault          0  0  0  -4  2   3  1  2  0  0  3/5     9:30   0:00   0:00 
Ryan O'Reilly            1  0  1   1  0   2  1  1  1  0  2/3    15:16   0:00   0:00 
Sam Reinhart             0  0  0   1  0   0  1  1  0  0  1/1    19:27   2:56   1:58 
Tage Thompson            1  1  2   2  2   6  1  0  0  1  5/18   17:29   3:01   0:54 
Travis Sanheim           0  0  0   3  0   2  0  0  0  1  0/0    24:44   3:19   2:05 
Zemgus Girgensons        0  0  0  -4  0   1  0  1  0  0  0/0     9:25   0:00   0:00 

3 Stars

1 - Leon Draisaitl (PIT)
2 - Gabriel Vilardi (PIT)
3 - Matthew Coronato (HFD)

Power Play

Hartford Whalers - 0 on 2 Attempt(s) - 0.00%
Pittsburgh Penguins - 0 on 3 Attempt(s) - 0.00%

Penalty Kill

Hartford Whalers - 3 on 3 Attempt(s) - 100.00% - Score 0 goal in Penalty Kill
Pittsburgh Penguins - 2 on 2 Attempt(s) - 100.00% - Score 0 goal in Penalty Kill

Team Stat

Hartford Whalers - Hits : 19 - Faceoff Wins : 25 - Blocked Shots : 6 - Penalty Minutes : 6
Pittsburgh Penguins - Hits : 17 - Faceoff Wins : 25 - Blocked Shots : 11 - Penalty Minutes : 4

Official

Referees : Kelly Sutherland and Beaudry Halkidis
Linesman : Unknown

Game Notes

No Game Note

Finance

Level 1 -- Attendance: 4237 (70.62%) -- Ticket Income $423,700
Level 2 -- Attendance: 3931 (78.62%) -- Ticket Income $235,860
Level 3 -- Attendance: 2117 (70.57%) -- Ticket Income $74,095
Level 4 -- Attendance: 3500 (70.00%) -- Ticket Income $87,500
Luxury Box -- Attendance: 834 (83.40%) -- Ticket Income $166,800
Game was played at the Consol Energy Center.
Total Attendance: 14619 (73.10%)
Total Ticket Income: $987,955
Other Income: $345,784
Total Income: $1,333,739

Hartford Whalers

5 vs 5 Forward 
   Center                   Left Wing                Right Wing               Time % Phy DF OF 
 1 Nick Suzuki              Joshua Norris            Anthony Cirelli          30     1   2  2  
 2 Sidney Crosby            Pierre-Luc Dubois        Jordan Kyrou             30     1   2  2  
 3 Carter Verhaeghe         Dylan Guenther           Tyler Seguin             25     1   2  2  
 4 Matthew Coronato         Jonathan Drouin          Tyson Foerster           15     1   2  2  

5 vs 5 Defense 
   Defense                  Defense                                           Time % Phy DF OF 
 1 Seth Jones               Vladislav Gavrikov                                30     1   2  2  
 2 Devon Toews              Braden Schneider                                  30     1   2  2  
 3 Simon Edvinsson          Kaiden Guhle                                      25     1   2  2  
 4 Seth Jones               Vladislav Gavrikov                                15     1   2  2  

PowerPlay Forward 
   Center                   Left Wing                Right Wing               Time % Phy DF OF 
 1 Nick Suzuki              Joshua Norris            Anthony Cirelli          50     1   2  2  
 2 Sidney Crosby            Pierre-Luc Dubois        Jordan Kyrou             50     1   2  2  

PowerPlay Defense
   Defense                  Defense                                           Time % Phy DF OF 
 1 Seth Jones               Vladislav Gavrikov                                50     1   2  2  
 2 Devon Toews              Braden Schneider                                  50     1   2  2  

Penalty Kill 4 Players Forward 
   Center                   Wing                     Time % Phy DF OF 
 1 Nick Suzuki              Sidney Crosby            50     1   2  2  
 2 Joshua Norris            Anthony Cirelli          50     1   2  2  

Penalty Kill 4 Players Defense
   Defense                  Defense                  Time % Phy DF OF 
 1 Seth Jones               Vladislav Gavrikov       50     1   2  2  
 2 Devon Toews              Braden Schneider         50     1   2  2  

Penalty Kill - 3 Players Forward 
   Forward                                           Time % Phy DF OF 
 1 Nick Suzuki                                       50     1   2  2  
 2 Sidney Crosby                                     50     1   2  2  

Penalty Kill - 3 Players Defense
   Defense                  Defense                  Time % Phy DF OF 
 1 Seth Jones               Vladislav Gavrikov       50     1   2  2  
 2 Devon Toews              Braden Schneider         50     1   2  2  

4 vs 4 Forward 
   Center                   Wing                     Time % Phy DF OF 
 1 Sidney Crosby            Nick Suzuki              50     1   2  2  
 2 Joshua Norris            Anthony Cirelli          50     1   2  2  

4 vs 4 Defense
   Defense                  Defense                  Time % Phy DF OF 
 1 Seth Jones               Vladislav Gavrikov       50     1   2  2  
 2 Devon Toews              Braden Schneider         50     1   2  2  

Last Minutes Offensive
   Center                   Left Wing                Right Wing               Defense                  Defense                  
   Sidney Crosby            Dylan Guenther           Nick Suzuki              Devon Toews              Seth Jones               

Last Minutes Defensive
   Center                   Left Wing                Right Wing               Defense                  Defense                  
   Joshua Norris            Carter Verhaeghe         Anthony Cirelli          Vladislav Gavrikov       Braden Schneider         

Goaltenders
Starting : Joseph Woll              
Backup : Samuel Montembeault      

Extra Forwards
Normal : Dylan Guenther, Carter Verhaeghe, Tyler Seguin - PP : Dylan Guenther, Carter Verhaeghe - PK : Tyler Seguin
Extra Defensemen
Normal : Simon Edvinsson, Kaiden Guhle, Devon Toews - PP : Simon Edvinsson - PK : Kaiden Guhle, Devon Toews
Penalty Shots
Tyler Seguin, Pierre-Luc Dubois, Sidney Crosby, Nick Suzuki, Joshua Norris

Scratches
Shakir Mukhamadullin (Healthy), Calle Odelius (Healthy)

Pittsburgh Penguins

5 vs 5 Forward 
   Center                   Left Wing                Right Wing               Time % Phy DF OF 
 1 Leon Draisaitl           Sam Reinhart             Mitchell Marner          30     1   2  2  
 2 Tage Thompson            Pavel Buchnevich         Gabriel Vilardi          30     1   2  2  
 3 Ryan O'Reilly            Blake Coleman            Jordan Eberle            25     1   2  2  
 4 Phillip Danault          Zemgus Girgensons        Christian Dvorak         15     1   2  2  

5 vs 5 Defense 
   Defense                  Defense                                           Time % Phy DF OF 
 1 Travis Sanheim           Erik Karlsson                                     30     1   2  2  
 2 Brian Dumoulin           Mattias Ekholm                                    30     1   2  2  
 3 Carson Soucy             Erik Gudbranson                                   25     1   2  2  
 4 Travis Sanheim           Erik Karlsson                                     15     1   2  2  

PowerPlay Forward 
   Center                   Left Wing                Right Wing               Time % Phy DF OF 
 1 Leon Draisaitl           Sam Reinhart             Mitchell Marner          50     1   2  2  
 2 Tage Thompson            Pavel Buchnevich         Gabriel Vilardi          50     1   2  2  

PowerPlay Defense
   Defense                  Defense                                           Time % Phy DF OF 
 1 Travis Sanheim           Erik Karlsson                                     50     1   2  2  
 2 Brian Dumoulin           Mattias Ekholm                                    50     1   2  2  

Penalty Kill 4 Players Forward 
   Center                   Wing                     Time % Phy DF OF 
 1 Mitchell Marner          Leon Draisaitl           50     1   2  2  
 2 Sam Reinhart             Tage Thompson            50     1   2  2  

Penalty Kill 4 Players Defense
   Defense                  Defense                  Time % Phy DF OF 
 1 Travis Sanheim           Erik Karlsson            50     1   2  2  
 2 Brian Dumoulin           Mattias Ekholm           50     1   2  2  

Penalty Kill - 3 Players Forward 
   Forward                                           Time % Phy DF OF 
 1 Mitchell Marner                                   50     1   2  2  
 2 Leon Draisaitl                                    50     1   2  2  

Penalty Kill - 3 Players Defense
   Defense                  Defense                  Time % Phy DF OF 
 1 Travis Sanheim           Erik Karlsson            50     1   2  2  
 2 Brian Dumoulin           Mattias Ekholm           50     1   2  2  

4 vs 4 Forward 
   Center                   Wing                     Time % Phy DF OF 
 1 Mitchell Marner          Leon Draisaitl           50     1   2  2  
 2 Sam Reinhart             Tage Thompson            50     1   2  2  

4 vs 4 Defense
   Defense                  Defense                  Time % Phy DF OF 
 1 Travis Sanheim           Erik Karlsson            50     1   2  2  
 2 Brian Dumoulin           Mattias Ekholm           50     1   2  2  

Last Minutes Offensive
   Center                   Left Wing                Right Wing               Defense                  Defense                  
   Leon Draisaitl           Sam Reinhart             Mitchell Marner          Travis Sanheim           Erik Karlsson            

Last Minutes Defensive
   Center                   Left Wing                Right Wing               Defense                  Defense                  
   Leon Draisaitl           Sam Reinhart             Mitchell Marner          Travis Sanheim           Erik Karlsson            

Goaltenders
Starting : Jordan Binnington        
Backup : John Gibson              

Extra Forwards
Normal : Christian Dvorak, Ryan O'Reilly, Blake Coleman - PP : Christian Dvorak, Ryan O'Reilly - PK : Blake Coleman
Extra Defensemen
Normal : Carson Soucy, Erik Gudbranson, Brian Dumoulin - PP : Carson Soucy - PK : Erik Gudbranson, Brian Dumoulin
Penalty Shots
Mitchell Marner, Leon Draisaitl, Sam Reinhart, Tage Thompson, Ryan O'Reilly

Scratches
None


% Time on Ice - Hartford Whalers

Lines # - Real PCT - Wanted PCT - Time Play
Normal Forward
1 - 25% - 30% - 12:26
2 - 30% - 30% - 14:49
3 - 27% - 25% - 13:39
4 - 18% - 15% - 9:11
Normal Defense
1 - 30% - 30% - 15:08
2 - 30% - 30% - 14:57
3 - 28% - 25% - 13:54
4 - 12% - 15% - 6:06
PP Forward
1 - 63% - 50% - 2:31
2 - 37% - 50% - 1:27
PP Defense
1 - 45% - 50% - 1:48
2 - 55% - 50% - 2:10
PK Forward
1 - 50% - 50% - 2:58
2 - 50% - 50% - 2:59
PK Defense
1 - 46% - 50% - 2:46
2 - 54% - 50% - 3:11
PK3 Forward
1 - 0% - 50%
2 - 0% - 50%
PK3 Defense
1 - 0% - 50%
2 - 0% - 50%
44 Forward
1 - 61% - 50% - 1:09
2 - 39% - 50% - 0:44
44 Defense
1 - 30% - 50% - 0:34
2 - 70% - 50% - 1:19
Last Minute Offensive  - 0:00
Last Minute Defensive  - 0:00
Total
Forward - 61:53
Defense - 61:53

% Time on Ice - Pittsburgh Penguins

Lines # - Real PCT - Wanted PCT - Time Play
Normal Forward
1 - 27% - 30% - 13:29
2 - 24% - 30% - 12:15
3 - 30% - 25% - 14:56
4 - 19% - 15% - 9:25
Normal Defense
1 - 27% - 30% - 13:37
2 - 34% - 30% - 16:54
3 - 30% - 25% - 15:05
4 - 9% - 15% - 4:29
PP Forward
1 - 49% - 50% - 2:56
2 - 51% - 50% - 3:01
PP Defense
1 - 56% - 50% - 3:19
2 - 44% - 50% - 2:38
PK Forward
1 - 47% - 50% - 1:53
2 - 53% - 50% - 2:05
PK Defense
1 - 53% - 50% - 2:05
2 - 47% - 50% - 1:53
PK3 Forward
1 - 0% - 50%
2 - 0% - 50%
PK3 Defense
1 - 0% - 50%
2 - 0% - 50%
44 Forward
1 - 29% - 50% - 0:33
2 - 71% - 50% - 1:20
44 Defense
1 - 65% - 50% - 1:14
2 - 35% - 50% - 0:39
Last Minute Offensive  - 0:00
Last Minute Defensive  - 0:00
Total
Forward - 61:53
Defense - 61:53

Play-by-Play

1st period


0:01 of 1st period - Nick Suzuki wins face-off versus Leon Draisaitl in neutral zone.
0:12 of 1st period - Snap shot by Joshua Norris.
0:12 of 1st period - Deflect By Nick Suzuki.
0:12 of 1st period - Shot Misses the Net.
0:12 of 1st period - Puck is out of play.
0:13 of 1st period - Sidney Crosby wins face-off versus Tage Thompson in Pittsburgh Penguins zone.
0:24 of 1st period - Snap shot by Jordan Kyrou.
0:24 of 1st period - Stopped by Jordan Binnington with a rebound.
0:26 of 1st period - Slapshot by Devon Toews.
0:26 of 1st period - Shot Misses the Net.
0:28 of 1st period - Slapshot by Braden Schneider.
0:28 of 1st period - Shot Misses the Net.
0:30 of 1st period - Slapshot by Jordan Kyrou.
0:30 of 1st period - Shot Blocked by Pavel Buchnevich.
1:43 of 1st period - Devon Toews is hit by Gabriel Vilardi and loses puck.
2:00 of 1st period - Joshua Norris is hit by Blake Coleman and loses puck.
2:25 of 1st period - Slapshot by Joshua Norris.
2:25 of 1st period - Deflect By Sidney Crosby.
2:25 of 1st period - Stopped by Jordan Binnington with a rebound.
2:27 of 1st period - Slapshot by Braden Schneider.
2:27 of 1st period - Stopped by Jordan Binnington with a rebound.
2:29 of 1st period - Slapshot by Braden Schneider.
2:29 of 1st period - Stopped by Jordan Binnington with a rebound.
3:47 of 1st period - Travis Sanheim is hit by Joshua Norris and loses puck.
4:15 of 1st period - Erik Gudbranson is hit by Vladislav Gavrikov and loses puck.
5:00 of 1st period - Kaiden Guhle is hit by Carson Soucy and loses puck.
5:05 of 1st period - Wrist shot by Ryan O'Reilly.
5:05 of 1st period - Goal by Ryan O'Reilly - Hartford Whalers : 0 - Pittsburgh Penguins : 1.
5:06 of 1st period - Carter Verhaeghe wins face-off versus Leon Draisaitl in neutral zone.
5:11 of 1st period - Slapshot by Tyler Seguin.
5:11 of 1st period - Stopped by Jordan Binnington with a rebound.
5:13 of 1st period - Slapshot by Vladislav Gavrikov.
5:13 of 1st period - Stopped by Jordan Binnington without a rebound.
5:14 of 1st period - Leon Draisaitl wins face-off versus Carter Verhaeghe in Pittsburgh Penguins zone.
5:29 of 1st period - Snap shot by Tyler Seguin.
5:29 of 1st period - Shot Blocked by Sam Reinhart.
5:38 of 1st period - Off-side.
5:39 of 1st period - Sidney Crosby wins face-off versus Tage Thompson in neutral zone.
5:53 of 1st period - Wrist shot by Pavel Buchnevich.
5:53 of 1st period - Stopped by Joseph Woll without a rebound.
5:54 of 1st period - Ryan O'Reilly wins face-off versus Nick Suzuki in Hartford Whalers zone.
6:19 of 1st period - Vladislav Gavrikov is hit by Sam Reinhart and loses puck.
6:28 of 1st period - Wrist shot by Jordan Kyrou.
6:28 of 1st period - Stopped by Jordan Binnington without a rebound.
6:29 of 1st period - Nick Suzuki wins face-off versus Tage Thompson in Pittsburgh Penguins zone.
7:21 of 1st period - Wrist shot by Jordan Kyrou.
7:21 of 1st period - Stopped by Jordan Binnington with a rebound.
7:23 of 1st period - Snap shot by Devon Toews.
7:23 of 1st period - Shot Blocked by Carson Soucy.
7:43 of 1st period - Phillip Danault is hit by Tyson Foerster and loses puck.
8:46 of 1st period - Snap shot by Joshua Norris.
8:46 of 1st period - Stopped by Jordan Binnington with a rebound.
8:48 of 1st period - Snap shot by Vladislav Gavrikov.
8:48 of 1st period - Deflect By Jordan Eberle.
8:48 of 1st period - Stopped by Jordan Binnington without a rebound.
8:49 of 1st period - Carter Verhaeghe wins face-off versus Tage Thompson in Pittsburgh Penguins zone.
8:54 of 1st period - Snap shot by Tyler Seguin.
8:54 of 1st period - Shot Misses the Net.
9:00 of 1st period - Tyler Seguin is hit by Tage Thompson and loses puck.
9:41 of 1st period - Travis Sanheim is hit by Jordan Kyrou and loses puck.
10:28 of 1st period - Snap shot by Blake Coleman.
10:28 of 1st period - Shot Misses the Net.
10:30 of 1st period - Slapshot by Mattias Ekholm.
10:30 of 1st period - Stopped by Joseph Woll with a rebound.
10:32 of 1st period - Snap shot by Jordan Eberle.
10:32 of 1st period - Stopped by Joseph Woll with a rebound.
11:04 of 1st period - Mattias Ekholm is hit by Joshua Norris and loses puck.
11:43 of 1st period - Mitchell Marner is hit by Pierre-Luc Dubois and loses puck.
12:22 of 1st period - Jordan Kyrou is hit by Erik Karlsson and loses puck.
12:42 of 1st period - Backhand shot by Jonathan Drouin.
12:42 of 1st period - Deflect By Tyson Foerster.
12:42 of 1st period - Shot Misses the Net.
12:42 of 1st period - Puck is out of play.
12:43 of 1st period - Leon Draisaitl wins face-off versus Matthew Coronato in Pittsburgh Penguins zone.
13:01 of 1st period - Wrist shot by Mitchell Marner.
13:01 of 1st period - Stopped by Joseph Woll without a rebound.
13:02 of 1st period - Tage Thompson wins face-off versus Sidney Crosby in Hartford Whalers zone.
13:05 of 1st period - Wrist shot by Tage Thompson.
13:05 of 1st period - Stopped by Joseph Woll without a rebound.
13:06 of 1st period - Sidney Crosby wins face-off versus Tage Thompson in Hartford Whalers zone.
13:11 of 1st period - Snap shot by Pavel Buchnevich.
13:11 of 1st period - Shot Misses the Net.
13:13 of 1st period - Slapshot by Travis Sanheim.
13:13 of 1st period - Stopped by Joseph Woll without a rebound.
13:14 of 1st period - Tage Thompson wins face-off versus Carter Verhaeghe in Hartford Whalers zone.
13:19 of 1st period - Snap shot by Pavel Buchnevich.
13:19 of 1st period - Shot Blocked by Devon Toews.
13:21 of 1st period - Wrist shot by Pavel Buchnevich.
13:21 of 1st period - Stopped by Joseph Woll with a rebound.
13:23 of 1st period - Wrist shot by Gabriel Vilardi.
13:23 of 1st period - Goal by Gabriel Vilardi - Hartford Whalers : 0 - Pittsburgh Penguins : 2.
13:24 of 1st period - Nick Suzuki wins face-off versus Ryan O'Reilly in neutral zone.
15:50 of 1st period - Snap shot by Blake Coleman.
15:50 of 1st period - Stopped by Joseph Woll with a rebound.
16:00 of 1st period - Slapshot by Ryan O'Reilly.
16:00 of 1st period - Shot Misses the Net.
16:40 of 1st period - Dylan Guenther is hit by Blake Coleman and loses puck.
16:53 of 1st period - Wrist shot by Tyler Seguin.
16:53 of 1st period - Shot Misses the Net.
17:42 of 1st period - Snap shot by Blake Coleman.
17:42 of 1st period - Shot Blocked by Carter Verhaeghe.
17:44 of 1st period - Slapshot by Brian Dumoulin.
17:44 of 1st period - Stopped by Joseph Woll with a rebound.
17:46 of 1st period - Slapshot by Mattias Ekholm.
17:46 of 1st period - Shot Blocked by Tyler Seguin.
17:48 of 1st period - Slapshot by Mattias Ekholm.
17:48 of 1st period - Shot Blocked by Vladislav Gavrikov.
18:22 of 1st period - Snap shot by Ryan O'Reilly.
18:22 of 1st period - Shot Misses the Net.
18:24 of 1st period - Snap shot by Jordan Eberle.
18:24 of 1st period - Shot Misses the Net.
18:26 of 1st period - Wrist shot by Ryan O'Reilly.
18:26 of 1st period - Stopped by Joseph Woll with a rebound.
18:46 of 1st period - Wrist shot by Blake Coleman.
18:46 of 1st period - Shot Misses the Net.
18:48 of 1st period - Wrist shot by Jordan Eberle.
18:48 of 1st period - Stopped by Joseph Woll with a rebound.
18:50 of 1st period - Backhand shot by Brian Dumoulin.
18:50 of 1st period - Shot Blocked by Vladislav Gavrikov.
19:16 of 1st period - Wrist shot by Ryan O'Reilly.
19:16 of 1st period - Shot Misses the Net.
19:20 of 1st period - Snap shot by Ryan O'Reilly.
19:20 of 1st period - Shot Misses the Net.
19:59 of 1st period - Snap shot by Dylan Guenther.
19:59 of 1st period - Stopped by Jordan Binnington with a rebound.
Goals for this period are 0 for Hartford Whalers vs 2 for Pittsburgh Penguins.
Shots for this period are 11 for Hartford Whalers vs 13 for Pittsburgh Penguins.

2nd period


0:01 of 2nd period - Leon Draisaitl wins face-off versus Nick Suzuki in neutral zone.
0:32 of 2nd period - Wrist shot by Joshua Norris.
0:32 of 2nd period - Shot Blocked by Christian Dvorak.
0:34 of 2nd period - Slapshot by Kaiden Guhle.
0:34 of 2nd period - Shot Misses the Net.
0:36 of 2nd period - Snap shot by Kaiden Guhle.
0:36 of 2nd period - Deflect By Phillip Danault.
0:36 of 2nd period - Stopped by Jordan Binnington with a rebound.
0:38 of 2nd period - Slapshot by Kaiden Guhle.
0:38 of 2nd period - Stopped by Jordan Binnington with a rebound.
0:40 of 2nd period - Slapshot by Kaiden Guhle.
0:40 of 2nd period - Shot Misses the Net.
0:42 of 2nd period - Slapshot by Simon Edvinsson.
0:42 of 2nd period - Shot Blocked by Phillip Danault.
0:46 of 2nd period - Wrist shot by Joshua Norris.
0:46 of 2nd period - Stopped by Jordan Binnington with a rebound.
0:48 of 2nd period - Slapshot by Nick Suzuki.
0:48 of 2nd period - Stopped by Jordan Binnington with a rebound.
0:50 of 2nd period - Wrist shot by Anthony Cirelli.
0:50 of 2nd period - Goal by Anthony Cirelli - Hartford Whalers : 1 - Pittsburgh Penguins : 2.
0:51 of 2nd period - Pierre-Luc Dubois wins face-off versus Tage Thompson in neutral zone.
0:54 of 2nd period - Snap shot by Sidney Crosby.
0:54 of 2nd period - Stopped by Jordan Binnington with a rebound.
0:57 of 2nd period - Icing by Tage Thompson.
0:58 of 2nd period - Sidney Crosby wins face-off versus Tage Thompson in Pittsburgh Penguins zone.
1:19 of 2nd period - Snap shot by Tage Thompson.
1:19 of 2nd period - Stopped by Joseph Woll without a rebound.
1:20 of 2nd period - Leon Draisaitl wins face-off versus Nick Suzuki in Hartford Whalers zone.
1:25 of 2nd period - Backhand shot by Leon Draisaitl.
1:25 of 2nd period - Stopped by Joseph Woll without a rebound.
1:26 of 2nd period - Anthony Cirelli wins face-off versus Leon Draisaitl in Hartford Whalers zone.
1:41 of 2nd period - Snap shot by Nick Suzuki.
1:41 of 2nd period - Shot Misses the Net.
1:43 of 2nd period - Slapshot by Anthony Cirelli.
1:43 of 2nd period - Stopped by Jordan Binnington with a rebound.
1:55 of 2nd period - Slapshot by Tage Thompson.
1:55 of 2nd period - Stopped by Joseph Woll with a rebound.
1:57 of 2nd period - Wrist shot by Pavel Buchnevich.
1:57 of 2nd period - Stopped by Joseph Woll with a rebound.
1:59 of 2nd period - Wrist shot by Pavel Buchnevich.
1:59 of 2nd period - Stopped by Joseph Woll without a rebound.
2:00 of 2nd period - Sidney Crosby wins face-off versus Tage Thompson in Hartford Whalers zone.
3:11 of 2nd period - Slapshot by Leon Draisaitl.
3:11 of 2nd period - Shot Misses the Net.
3:31 of 2nd period - Snap shot by Pierre-Luc Dubois.
3:31 of 2nd period - Goal by Pierre-Luc Dubois - Hartford Whalers : 2 - Pittsburgh Penguins : 2.
3:32 of 2nd period - Sidney Crosby wins face-off versus Leon Draisaitl in neutral zone.
5:17 of 2nd period - Backhand shot by Carter Verhaeghe.
5:17 of 2nd period - Shot Misses the Net.
5:41 of 2nd period - Wrist shot by Phillip Danault.
5:41 of 2nd period - Stopped by Joseph Woll with a rebound.
5:52 of 2nd period - Off-side.
5:53 of 2nd period - Nick Suzuki wins face-off versus Blake Coleman in neutral zone.
7:18 of 2nd period - Gabriel Vilardi is hit by Pierre-Luc Dubois and loses puck.
7:58 of 2nd period - Icing by Devon Toews.
7:59 of 2nd period - Sidney Crosby wins face-off versus Leon Draisaitl in Hartford Whalers zone.
8:16 of 2nd period - Snap shot by Jordan Kyrou.
8:16 of 2nd period - Shot Misses the Net.
8:18 of 2nd period - Slapshot by Braden Schneider.
8:18 of 2nd period - Stopped by Jordan Binnington with a rebound.
8:28 of 2nd period - Snap shot by Jordan Kyrou.
8:28 of 2nd period - Shot Misses the Net.
8:30 of 2nd period - Wrist shot by Pierre-Luc Dubois.
8:30 of 2nd period - Shot Misses the Net.
8:32 of 2nd period - Slapshot by Devon Toews.
8:32 of 2nd period - Deflect By Sidney Crosby.
8:32 of 2nd period - Stopped by Jordan Binnington with a rebound.
8:34 of 2nd period - Slapshot by Devon Toews.
8:34 of 2nd period - Stopped by Jordan Binnington without a rebound.
8:35 of 2nd period - Nick Suzuki wins face-off versus Tage Thompson in Pittsburgh Penguins zone.
8:41 of 2nd period - Minor Penalty to Tage Thompson for Holding.
8:42 of 2nd period - Mitchell Marner wins face-off versus Anthony Cirelli in Pittsburgh Penguins zone.
10:41 of 2nd period - Penalty to Tage Thompson is over, Tage Thompson is back on ice.
10:49 of 2nd period - Slapshot by Matthew Coronato.
10:49 of 2nd period - Stopped by Jordan Binnington without a rebound.
10:50 of 2nd period - Matthew Coronato wins face-off versus Phillip Danault in Pittsburgh Penguins zone.
11:23 of 2nd period - Snap shot by Tage Thompson.
11:23 of 2nd period - Stopped by Joseph Woll with a rebound.
11:52 of 2nd period - Wrist shot by Tyson Foerster.
11:52 of 2nd period - Shot Misses the Net.
12:04 of 2nd period - Anthony Cirelli is hit by Brian Dumoulin and loses puck.
12:29 of 2nd period - Wrist shot by Gabriel Vilardi.
12:29 of 2nd period - Shot Misses the Net.
12:31 of 2nd period - Snap shot by Tage Thompson.
12:31 of 2nd period - Goal by Tage Thompson - Hartford Whalers : 2 - Pittsburgh Penguins : 3.
12:32 of 2nd period - Tage Thompson wins face-off versus Nick Suzuki in neutral zone.
13:24 of 2nd period - Backhand shot by Jonathan Drouin.
13:24 of 2nd period - Deflect By Tyson Foerster.
13:24 of 2nd period - Goal by Tyson Foerster - Hartford Whalers : 3 - Pittsburgh Penguins : 3.
13:25 of 2nd period - Nick Suzuki wins face-off versus Tage Thompson in neutral zone.
13:25 of 2nd period - Minor Penalty to Kaiden Guhle for Interference.
13:26 of 2nd period - Leon Draisaitl wins face-off versus Nick Suzuki in Hartford Whalers zone.
13:27 of 2nd period - Snap shot by Mitchell Marner.
13:27 of 2nd period - Stopped by Joseph Woll with a rebound.
15:25 of 2nd period - Penalty to Kaiden Guhle is over, Kaiden Guhle is back on ice.
15:36 of 2nd period - Vladislav Gavrikov is hit by Phillip Danault and loses puck.
16:06 of 2nd period - Off-side.
16:07 of 2nd period - Tyler Seguin wins face-off versus Phillip Danault in neutral zone.
16:14 of 2nd period - Slapshot by Christian Dvorak.
16:14 of 2nd period - Stopped by Joseph Woll with a rebound.
16:16 of 2nd period - Slapshot by Mattias Ekholm.
16:16 of 2nd period - Shot Misses the Net.
16:18 of 2nd period - Backhand shot by Phillip Danault.
16:18 of 2nd period - Shot Misses the Net.
16:20 of 2nd period - Wrist shot by Phillip Danault.
16:20 of 2nd period - Shot Blocked by Simon Edvinsson.
16:22 of 2nd period - Wrist shot by Phillip Danault.
16:22 of 2nd period - Stopped by Joseph Woll with a rebound.
16:32 of 2nd period - Brian Dumoulin is hit by Kaiden Guhle.
16:52 of 2nd period - Snap shot by Matthew Coronato.
16:52 of 2nd period - Shot Misses the Net.
16:58 of 2nd period - Snap shot by Joshua Norris.
16:58 of 2nd period - Stopped by Jordan Binnington with a rebound.
18:14 of 2nd period - Vladislav Gavrikov is hit by Blake Coleman and loses puck.
19:04 of 2nd period - Snap shot by Dylan Guenther.
19:04 of 2nd period - Stopped by Jordan Binnington without a rebound.
19:05 of 2nd period - Phillip Danault wins face-off versus Nick Suzuki in Pittsburgh Penguins zone.
19:21 of 2nd period - Minor Penalty to Phillip Danault for Goalie Interference.
19:22 of 2nd period - Mitchell Marner wins face-off versus Sidney Crosby in Pittsburgh Penguins zone.
Goals for this period are 3 for Hartford Whalers vs 1 for Pittsburgh Penguins.
Shots for this period are 15 for Hartford Whalers vs 11 for Pittsburgh Penguins.

3rd period


0:01 of 3rd period - Mitchell Marner wins face-off versus Sidney Crosby in neutral zone.
0:45 of 3rd period - Off-side.
0:46 of 3rd period - Mitchell Marner wins face-off versus Sidney Crosby in neutral zone.
1:21 of 3rd period - Penalty to Phillip Danault is over, Phillip Danault is back on ice.
1:24 of 3rd period - Snap shot by Sidney Crosby.
1:24 of 3rd period - Shot Blocked by Phillip Danault.
1:26 of 3rd period - Wrist shot by Pierre-Luc Dubois.
1:26 of 3rd period - Stopped by Jordan Binnington without a rebound.
1:27 of 3rd period - Phillip Danault wins face-off versus Nick Suzuki in Pittsburgh Penguins zone.
1:59 of 3rd period - Seth Jones is hit by Erik Gudbranson and loses puck.
2:04 of 3rd period - Wrist shot by Phillip Danault.
2:04 of 3rd period - Stopped by Joseph Woll without a rebound.
2:05 of 3rd period - Nick Suzuki wins face-off versus Tage Thompson in Hartford Whalers zone.
2:55 of 3rd period - Travis Sanheim is hit by Simon Edvinsson and loses puck.
3:01 of 3rd period - Icing by Ryan O'Reilly.
3:02 of 3rd period - Nick Suzuki wins face-off versus Jordan Eberle in Pittsburgh Penguins zone.
3:36 of 3rd period - Minor Penalty to Pierre-Luc Dubois for Holding.
3:37 of 3rd period - Joshua Norris wins face-off versus Leon Draisaitl in Hartford Whalers zone.
4:09 of 3rd period - Joshua Norris is hit by Pavel Buchnevich and loses puck.
5:36 of 3rd period - Penalty to Pierre-Luc Dubois is over, Pierre-Luc Dubois is back on ice.
5:42 of 3rd period - Joshua Norris is hit by Blake Coleman and loses puck.
6:07 of 3rd period - Slapshot by Zemgus Girgensons.
6:07 of 3rd period - Stopped by Joseph Woll without a rebound.
6:08 of 3rd period - Phillip Danault wins face-off versus Carter Verhaeghe in Hartford Whalers zone.
6:35 of 3rd period - Snap shot by Matthew Coronato.
6:35 of 3rd period - Stopped by Jordan Binnington without a rebound.
6:36 of 3rd period - Ryan O'Reilly wins face-off versus Matthew Coronato in Pittsburgh Penguins zone.
7:46 of 3rd period - Brian Dumoulin is hit by Braden Schneider and loses puck.
8:01 of 3rd period - Snap shot by Jonathan Drouin.
8:01 of 3rd period - Shot Blocked by Ryan O'Reilly.
8:11 of 3rd period - Wrist shot by Jonathan Drouin.
8:11 of 3rd period - Shot Misses the Net.
8:35 of 3rd period - Snap shot by Leon Draisaitl.
8:35 of 3rd period - Goal by Leon Draisaitl - Hartford Whalers : 3 - Pittsburgh Penguins : 4.
8:36 of 3rd period - Nick Suzuki wins face-off versus Tage Thompson in neutral zone.
8:43 of 3rd period - Snap shot by Joshua Norris.
8:43 of 3rd period - Stopped by Jordan Binnington with a rebound.
8:45 of 3rd period - Snap shot by Devon Toews.
8:45 of 3rd period - Shot Blocked by Erik Karlsson.
8:47 of 3rd period - Slapshot by Anthony Cirelli.
8:47 of 3rd period - Stopped by Jordan Binnington with a rebound.
8:49 of 3rd period - Slapshot by Braden Schneider.
8:49 of 3rd period - Stopped by Jordan Binnington without a rebound.
8:50 of 3rd period - Leon Draisaitl wins face-off versus Nick Suzuki in Pittsburgh Penguins zone.
8:50 of 3rd period - Leon Draisaitl is hit by Joshua Norris.
8:56 of 3rd period - Slapshot by Erik Karlsson.
8:56 of 3rd period - Stopped by Joseph Woll with a rebound.
8:58 of 3rd period - Minor Penalty to Braden Schneider for Cross-checking.
8:59 of 3rd period - Tage Thompson wins face-off versus Nick Suzuki in Hartford Whalers zone.
9:29 of 3rd period - Travis Sanheim is hit by Anthony Cirelli.
10:34 of 3rd period - Erik Karlsson is hit by Nick Suzuki.
10:58 of 3rd period - Penalty to Braden Schneider is over, Braden Schneider is back on ice.
11:13 of 3rd period - Braden Schneider is hit by Blake Coleman and loses puck.
12:26 of 3rd period - Christian Dvorak is hit by Dylan Guenther and loses puck.
12:31 of 3rd period - Wrist shot by Carter Verhaeghe.
12:31 of 3rd period - Shot Blocked by Zemgus Girgensons.
12:49 of 3rd period - Tage Thompson is hit by Kaiden Guhle and loses puck.
13:00 of 3rd period - Carter Verhaeghe is hit by Ryan O'Reilly and loses puck.
13:37 of 3rd period - Matthew Coronato is hit by Pavel Buchnevich and loses puck.
13:54 of 3rd period - Wrist shot by Dylan Guenther.
13:54 of 3rd period - Stopped by Jordan Binnington with a rebound.
14:04 of 3rd period - Travis Sanheim is hit by Pierre-Luc Dubois and loses puck.
14:55 of 3rd period - Snap shot by Jonathan Drouin.
14:55 of 3rd period - Shot Blocked by Erik Gudbranson.
14:57 of 3rd period - Wrist shot by Matthew Coronato.
14:57 of 3rd period - Goal by Matthew Coronato - Hartford Whalers : 4 - Pittsburgh Penguins : 4.
14:58 of 3rd period - Nick Suzuki wins face-off versus Tage Thompson in neutral zone.
15:10 of 3rd period - Wrist shot by Nick Suzuki.
15:10 of 3rd period - Stopped by Jordan Binnington without a rebound.
15:11 of 3rd period - Leon Draisaitl wins face-off versus Carter Verhaeghe in Pittsburgh Penguins zone.
15:22 of 3rd period - Leon Draisaitl is hit by Vladislav Gavrikov and loses puck.
16:02 of 3rd period - Snap shot by Ryan O'Reilly.
16:02 of 3rd period - Shot Misses the Net.
16:18 of 3rd period - Erik Gudbranson is hit by Matthew Coronato and loses puck.
16:46 of 3rd period - Sam Reinhart is hit by Kaiden Guhle and loses puck.
17:10 of 3rd period - Wrist shot by Joshua Norris.
17:10 of 3rd period - Stopped by Jordan Binnington with a rebound.
17:26 of 3rd period - Vladislav Gavrikov is hit by Blake Coleman and loses puck.
17:35 of 3rd period - Slapshot by Jordan Eberle.
17:35 of 3rd period - Stopped by Joseph Woll without a rebound.
17:36 of 3rd period - Leon Draisaitl wins face-off versus Carter Verhaeghe in Hartford Whalers zone.
18:24 of 3rd period - Off-side.
18:25 of 3rd period - Tage Thompson wins face-off versus Sidney Crosby in neutral zone.
18:30 of 3rd period - Snap shot by Tage Thompson.
18:30 of 3rd period - Shot Misses the Net.
Goals for this period are 1 for Hartford Whalers vs 1 for Pittsburgh Penguins.
Shots for this period are 9 for Hartford Whalers vs 5 for Pittsburgh Penguins.

Overtime #1


0:01 of 1st overtime period - Sidney Crosby wins face-off versus Mitchell Marner in neutral zone.
0:16 of 1st overtime period - Snap shot by Nick Suzuki.
0:16 of 1st overtime period - Shot Blocked by Erik Karlsson.
0:38 of 1st overtime period - Snap shot by Anthony Cirelli.
0:38 of 1st overtime period - Deflect By Joshua Norris.
0:38 of 1st overtime period - Stopped by Jordan Binnington without a rebound.
0:39 of 1st overtime period - Sam Reinhart wins face-off versus Joshua Norris in Pittsburgh Penguins zone.
1:41 of 1st overtime period - Snap shot by Tage Thompson.
1:41 of 1st overtime period - Stopped by Joseph Woll with a rebound.
1:43 of 1st overtime period - Slapshot by Brian Dumoulin.
1:43 of 1st overtime period - Stopped by Joseph Woll without a rebound.
1:44 of 1st overtime period - Leon Draisaitl wins face-off versus Joshua Norris in Hartford Whalers zone.
1:45 of 1st overtime period - Snap shot by Mitchell Marner.
1:45 of 1st overtime period - Stopped by Joseph Woll with a rebound.
1:47 of 1st overtime period - Slapshot by Erik Karlsson.
1:47 of 1st overtime period - Shot Misses the Net.
1:49 of 1st overtime period - Slapshot by Travis Sanheim.
1:49 of 1st overtime period - Stopped by Joseph Woll without a rebound.
1:50 of 1st overtime period - Mitchell Marner wins face-off versus Joshua Norris in Hartford Whalers zone.
1:53 of 1st overtime period - Wrist shot by Leon Draisaitl.
1:53 of 1st overtime period - Goal by Leon Draisaitl - Hartford Whalers : 4 - Pittsburgh Penguins : 5.
Goals for this period are 0 for Hartford Whalers vs 1 for Pittsburgh Penguins.
Shots for this period are 1 for Hartford Whalers vs 5 for Pittsburgh Penguins.